AoeStats
← Malicious

Lombardia

509726144Analyzed
3v3 RM · 5d ago on Sep 27, 2026· 38m 19s· 6 players
Game mode
Random Map
Map size
Normal (6 player)
Population
200
Speed
Normal
Resources
Standard
Victory
Conquest
Starting age
Dark Age
Ending age
Imperial Age
RankedLock teamsTeams togetherTeam positionsShared explorationLock speedFull tech treeHidden civsTurbo modeCheats
Victory
Defeat
🇲🇽 Burgundians · Mexico
1203
+13
🇨🇱 Mongols · Chile
1181
+25
🇹🇷 Magyars · Türkiye
1152
+15
🇹🇷 Poles · Türkiye
1212
-16
🇹🇷 Britons · Türkiye
1151
-15
🇹🇷 Franks · Türkiye
1055
-35
83T01SRA3L
3:42 Loom
6:51 Double-Bit Axe
9:51 Wheelbarrow
9:06 Horse Collar
12:07 Feudal Age
17:06 Castle Age
15:51 Bow Saw
16:18 Gold Mining
16:35 Heavy Plow
18:20 Husbandry
19:00 Scale Barding Armor
24:15 Chain Barding Armor
24:22 Cavalier
29:08 Two-Man Saw
32:51 Gold Shaft Mining
32:44 Forging
35:02 Hand Cart
34:33 Town Watch
37:43 Iron Casting
veysipak
11:08 Feudal Age
13:37 Bloodlines
16:07 Wheelbarrow
21:56 Scale Barding Armor
24:24 Castle Age
24:40 Fletching
26:14 Double-Bit Axe
26:21 Gold Mining
26:52 Bodkin Arrow
32:46 Ballistics
32:54 Padded Archer Armor
34:51 Leather Archer Armor
40:18 Imperial Age
38:34 Hand Cart
Plutos0101
2:56 Loom
9:29 Feudal Age
10:11 Double-Bit Axe
14:14 Scale Barding Armor
14:17 Horse Collar
16:15 Forging
20:29 Castle Age
23:08 Bow Saw
22:51 Gold Mining
23:21 Heavy Plow
28:48 Chain Barding Armor
32:15 Iron Casting
32:31 Bloodlines
37:34 Husbandry
38:49 Wheelbarrow
bearrupert
4:21 Loom
11:14 Feudal Age
14:54 Double-Bit Axe
18:24 Castle Age
16:48 Gold Mining
21:39 Gold Shaft Mining
23:15 Forging
23:10 Scale Barding Armor
TheCaesar
8:47 Loom
10:33 Feudal Age
12:00 Double-Bit Axe
12:52 Gold Mining
14:47 Fletching
22:39 Castle Age
23:11 Crossbowman
25:18 Bodkin Arrow
29:47 Pikeman
30:29 Squires
31:16 Ballistics
Malicious
8:20 Loom
10:41 Feudal Age
14:47 Forging
14:42 Scale Barding Armor
14:50 Double-Bit Axe
16:53 Bloodlines
17:44 Horse Collar
19:52 Scale Mail Armor
22:36 Scale Mail Armor
26:03 Castle Age
26:24 Light Cavalry
27:05 Husbandry
27:18 Pikeman
27:59 Squires
27:45 Arson
29:22 Bow Saw
30:26 Stone Mining
32:26 Iron Casting
32:43 Stone Shaft Mining
32:16 Heavy Plow
33:20 Szlachta Privileges
38:17 Imperial Age
36:44 Chain Barding Armor
Connection lost

Rejoining the realm…

Still unreachable

The connection could not be restored.

Session expired

The server has moved on; the page needs a fresh start.